 Dungeon Crawl Stone Soup version 0.19-a0-348-gdd94dc5 (webtiles) character file.

5272 DeWulff the Blocker (level 10, -5/79 HPs)
             Began as a Formicid Fighter on May 27, 2016.
             Was a Believer of Nemelex Xobeh.
             Splashed by a brown ugly thing's acid (6 damage)
             ... on level 9 of the Dungeon on May 29, 2016.
             The game lasted 01:19:32 (6465 turns).

DeWulff the Blocker (Formicid Fighter)              Turns: 6465, Time: 01:19:33

Health: -5/79      AC: 11    Str: 22    XL:     10   Next: 94%
Magic:  14/14      EV:  9    Int:  7    God:    Nemelex Xobeh [**....]
Gold:   288        SH: 11    Dex: 15    Spells: 0 memorised, 15 levels left

rFire  . . .     SeeInvis +     a - +1 quarterstaff
rCold  . . .     Gourm    .     n - +0 plate armour
rNeg   . . .     Faith    .     c - +0 shield
rPois  .         Spirit   .     (helmet unavailable)
rElec  .         Dismiss  +     F - +0 cloak
rCorr  .         Reflect  .     g - +0 pair of gloves
SustAt .         Harm     .     (no boots)
MR     ++...                    P - amulet of dismissal
Stlth  ..........               (no ring)
                                G - ring of protection from magic

@: corroded, very resistant to hostile enchantments, extremely unstealthy
A: permanent stasis, dig shafts and tunnels, four strong arms, antennae 3,
talons 1, agile 1, sense surroundings 1
a: Dig, Shaft Self, Renounce Religion


You were on level 9 of the Dungeon.
You worshipped Nemelex Xobeh.
Nemelex Xobeh was pleased with you.
You were not hungry.

You visited 2 branches of the dungeon, and saw 10 of its levels.

You collected 432 gold pieces.
You spent 144 gold pieces at shops.

Inventory:

Hand Weapons
 a - a +1 quarterstaff (weapon)
 e - a +3 short sword
 f - a cursed -3 dagger
 j - a +0 glaive
 k - a +0 shortbow
 o - a +0 hunting sling
 p - a +4 dagger of venom
 t - a +0 hand axe of venom
 x - a +3 war axe
 D - a +2 dagger of holy wrath
 M - a +2 dagger of draining
Missiles
 i - 186 arrows
 l - 64 bolts
 m - 125 sling bullets
 y - 9 tomahawks (quivered)
Armour
 b - a +0 scale mail
 c - a +0 shield (worn)
 g - a +0 pair of gloves (worn)
 n - a +0 plate armour (worn)
 s - a +0 shield
 z - a +0 chain mail
 C - a +2 robe of resistance
 E - a +2 robe of magic resistance
 F - a +0 cloak (worn)
Jewellery
 G - a ring of protection from magic (left hand)
 P - an amulet of dismissal (around neck)
Wands
 q - a wand of iceblast (6/15)
 J - a wand of random effects (25/48)
 K - a wand of iceblast (7/15)
Scrolls
 B - 4 scrolls of remove curse
 I - a scroll of fog
Potions
 d - a potion of might
 h - a potion of ambrosia
Books
 v - a book of Debilitation

   Spells                             Type                      Level
   a - Corona                         Hexes                        1
   b - Slow                           Hexes                        2
   c - Gell's Gravitas                Hexes/Translocation          3
   d - Inner Flame                    Hexes/Fire                   3
   e - Cause Fear                     Hexes                        4
   f - Leda's Liquefaction            Hexes/Earth                  4
 N - a book of Necromancy

   Spells                             Type                      Level
   a - Pain                           Necromancy                   1
   b - Animate Skeleton               Necromancy                   1
   c - Vampiric Draining              Necromancy                   3
   d - Regeneration                   Charms/Necromancy            3
   e - Animate Dead                   Necromancy                   4
   f - Control Undead                 Necromancy                   4
Miscellaneous
 L - an ornate deck of destruction {drawn: 1}
Comestibles
 r - 4 meat rations
 w - 2 bread rations
 Q - a beef jerky


   Skills:
 + Level 7.0 Fighting
 + Level 3.1 Short Blades
 + Level 3.1(3.7) Axes
 + Level 3.1(5.8) Polearms
 + Level 6.9(7.3) Staves
 + Level 3.4(5.0) Slings
 + Level 5.1(5.5) Throwing
 + Level 6.9 Armour
 + Level 5.1 Dodging
 + Level 4.3 Stealth
 + Level 8.2 Shields
 + Level 3.1 Unarmed Combat
 + Level 3.1 Spellcasting
 + Level 3.5 Evocations


You had 15 spell levels left.
You didn't know any spells.

Dungeon Overview and Level Annotations

Branches:
Dungeon (9/15)             Temple (1/1) D:5
   Lair: D:8-11         Orc: D:9-12

Altars:
Ashenzari
Cheibriados
Dithmenos
Elyvilon
Fedhas
Gozag
Hepliaklqana
Kikubaaqudgha
Makhleb
Nemelex Xobeh
Pakellas
Qazlal
Ru
Sif Muna
Ukayaw
Vehumet
Xom
Yredelemnul
Zin

Shops:
D:5 [   D:7 }


Innate Abilities, Weirdness & Mutations

You are under a permanent stasis effect.
You can dig through walls and to a lower floor.
Your four strong arms can wield two-handed weapons with a shield.
You have a pair of large antennae on your head. (SInv)
You have sharp toenails.
You are agile. (Dex +2)
You passively map a small area around you.


Message History

You sock the brown ugly thing!
The brown ugly thing is severely wounded.
The brown ugly thing bites you.
You are splashed with acid!
The acid burns!
* * * LOW HITPOINT WARNING * * *
You hit the brown ugly thing.
You claw the brown ugly thing, but do no damage.
The brown ugly thing is severely wounded.
You sock the brown ugly thing!
You claw the brown ugly thing, but do no damage.
The brown ugly thing is almost dead.
The brown ugly thing bites you!
* * * LOW HITPOINT WARNING * * *
You are splashed with acid!
The acid burns!
* * * LOW HITPOINT WARNING * * *
Drink which item? (? for menu, Esc to quit)
You feel better. The brown ugly thing bites you!
* * * LOW HITPOINT WARNING * * *
You are splashed with acid!
The acid burns!
You die...
Your body glows with a rainbow of weird colours and disappears.

*
######+####
*
#.#...<.#.#
*#.#.###.#.#
, * , +..,
#...#
#.#######.#
**
#.#.......#
#.#.#######
#.........#
#######@###
#.u.# *
**#(### *
*,... ,, , *
#...< , *
#..(. ,
#.... ..$..
##.(..


You could see a brown ugly thing.

Vanquished Creatures
  The ghost of tijit the Magician, a novice DrWz of Sif Muna (D:8)
  Sigmund (D:5)
  4 yaks (D:9)
  A hippogriff (D:8)
  Menkaure (D:7)
  Duvessa (D:5)
  An ice beast (D:8)
  3 sky beasts
  An orc warrior (D:8)
  3 phantoms
  A necrophage (D:8)
  4 ogres
  3 centaurs
  3 giant frogs
  A gnoll sergeant (D:8)
  Dowan (D:5)
  2 wyvern skeletons
  2 scorpions
  A water moccasin skeleton (D:6)
  4 killer bees (D:8)
  2 howler monkeys
  8 crimson imps
  2 centaur zombies (D:8)
  5 hounds
  An orc priest (D:4)
  3 orc wizards
  2 giant frog skeletons
  A sheep (D:6)
  4 worker ants
  A worker ant zombie (D:8)
  A howler monkey skeleton (D:8)
  3 gnolls (D:8)
  8 adders
  A shadow imp (D:5)
  An ufetubus (D:6)
  An adder zombie (D:5)
  A worm (D:2)
  2 dart slugs (D:2)
  2 giant geckos (D:7)
  29 orcs
  4 giant cockroaches
  5 goblins
  6 hobgoblins
  15 jackals
  6 kobolds
  3 quokkas
  A ball python (D:2)
  6 bats
  4 giant newts
  6 rats
173 creatures vanquished.

Notes
Turn   | Place    | Note
--------------------------------------------------------------
     0 | D:1      | DeWulff the Formicid Fighter began the quest for the Orb.
     0 | D:1      | Reached XP level 1. HP: 18/18 MP: 1/1
   230 | D:1      | Reached XP level 2. HP: 13/24 MP: 2/2
   565 | D:2      | Reached XP level 3. HP: 19/29 MP: 3/3
   610 | D:2      | Reached skill level 4 in Shields
   803 | D:2      | Reached skill level 1 in Dodging
   803 | D:2      | Reached XP level 4. HP: 34/37 MP: 4/4
  2069 | D:4      | Noticed an ogre
  2081 | D:4      | Killed an ogre
  2081 | D:4      | Reached XP level 5. HP: 34/42 MP: 5/5
  2090 | D:4      | Found a shimmering altar of Xom.
  2117 | D:4      | Reached XP level 6. HP: 41/48 MP: 6/6
  2236 | D:4      | Noticed a phantom
  2255 | D:4      | Killed a phantom
  2255 | D:4      | Reached skill level 5 in Shields
  2264 | D:4      | Reached XP level 7. HP: 27/54 MP: 7/7
  2375 | D:4      | Reached skill level 5 in Fighting
  2375 | D:4      | Reached skill level 5 in Staves
  2375 | D:4      | Reached skill level 5 in Armour
  2375 | D:4      | Reached skill level 6 in Shields
  2375 | D:4      | Reached XP level 8. HP: 13/64 MP: 7/12
  2376 | D:4      | Upgraded the game from 0.19-a0-261-g60b6c46 to 0.19-a0-330-g034cfd4
  2542 | D:5      | Entered Level 5 of the Dungeon
  2554 | D:5      | Noticed Sigmund
  2563 | D:5      | Killed Sigmund
  2735 | D:5      | Found a staircase to the Ecumenical Temple.
  2744 | Temple   | Entered the Ecumenical Temple
  2837 | Temple   | Became a worshipper of Nemelex Xobeh the Trickster
  2994 | D:5      | Received a gift from Nemelex Xobeh
  3044 | D:5      | Reached XP level 9. HP: 62/69 MP: 13/13
  3123 | D:5      | Noticed Dowan
  3125 | D:5      | Noticed Duvessa
  3134 | D:5      | Killed Duvessa
  3152 | D:5      | Killed Dowan
  3152 | D:5      | Reached skill level 7 in Shields
  3304 | D:5      | Reached * piety under Nemelex Xobeh
  3304 | D:5      | Received a gift from Nemelex Xobeh
  3505 | D:5      | Found a stormy altar of Qazlal.
  3507 | D:5      | Found a deep blue altar of Sif Muna.
  3509 | D:5      | Found a glowing silver altar of Zin.
  3549 | D:5      | Found Yry Fomp's Antique Armour Shoppe.
  3552 | D:5      | Bought a cloak for 144 gold pieces
  4429 | D:6      | Found a blossoming altar of Fedhas.
  4478 | D:6      | Found a burning altar of Makhleb.
  4840 | D:7      | Noticed Menkaure
  4841 | D:7      | Reached ** piety under Nemelex Xobeh
  4847 | D:7      | Killed Menkaure
  4871 | D:7      | Found Kikul's Gadget Boutique.
  4975 | D:7      | Reached XP level 10. HP: 33/77 MP: 14/14
  5107 | D:8      | Found an ancient bone altar of Kikubaaqudgha.
  5557 | D:8      | Noticed tijit's ghost (novice DrWz)
  5686 | D:8      | Gained mutation: You passively map a small area around you. [potion of mutation]
  5686 | D:8      | Gained mutation: You have sharp toenails. [potion of mutation]
  5686 | D:8      | Gained mutation: You are agile. (Dex +2) [potion of mutation]
  5807 | D:8      | Received a gift from Nemelex Xobeh
  6102 | D:8      | Killed tijit's ghost
  6141 | D:8      | Reached skill level 5 in Dodging
  6215 | D:8      | Found a burning altar of Makhleb.
  6215 | D:8      | Found a radiant altar of Vehumet.
  6240 | D:8      | Reached skill level 8 in Shields
  6345 | D:8      | Reached skill level 5 in Throwing
  6422 | D:9      | Upgraded the game from 0.19-a0-330-g034cfd4 to 0.19-a0-348-gdd94dc5
  6444 | D:9      | Noticed a brown ugly thing
  6465 | D:9      | HP: 1/79 [brown ugly thing (9)]
  6465 | D:9      | Splashed by a brown ugly thing's acid

Vault maps used:
D:1:      erik_arrival_triangle_huge, nrook_mini_backslash
D:2:      st_stairs_9, minmay_misc_feat_enclosed
D:4:      led_xom_imps, first_bread
D:5:      grunt_temple_overflow_open, temple_statues, serial_shops,
          nicolae_shop_behind_doors, uniq_duvessa, uniq_sigmund
D:6:      lemuel_round_altar, basic_altar
D:7:      serial_shops, nicolae_shop_stone, uniq_menkaure
D:8:      grunt_temple_overflow_lords_of_destruction, basic_altar
D:9:      grunt_temple_overflow_bloody_war, nicolae_overflow_crystal_walls,
          uniq_joseph
Temple:   triangle_lava_temple_12

Skill      XL: |  1  2  3  4  5  6  7  8  9 10 |
---------------+-------------------------------+-----
Shields        | 4 5 6 7 8 |  8.2
Dodging        | 1 2 3 4 5 |  5.1
Staves         | 3 4 5 6 |  6.9
Armour         | 4 5 6 |  6.9
Fighting       | 4 5 6 7 |  7.0
Short Blades   | 3 |  3.1
Axes           | 3 |  3.1
Polearms       | 3 |  3.1
Slings         | 3 |  3.4
Throwing       | 3 4 5 |  5.1
Stealth        | 4 |  4.3
Unarmed Combat | 3 |  3.1
Spellcasting   | 3 |  3.1
Evocations     | 3 |  3.5

Action                   |  1- 3 |  4- 6 |  7- 9 | 10-12 || total
-------------------------+-------+-------+-------+-------++-------
Melee: Quarterstaff      |    88 |    92 |   206 |   272 ||   658
       Kick              |       |       |       |    48 ||    48
Throw: Tomahawk          |       |       |    60 |    33 ||    93
 Abil: Dig               |     1 |       |       |       ||     1
Evoke: Deck              |       |       |     6 |     6 ||    12
       Wand              |       |       |     1 |     2 ||     3
  Use: Scroll            |     6 |     8 |     9 |       ||    23
       Potion            |       |     2 |     5 |     7 ||    14
 Stab: Sleeping          |       |       |     2 |       ||     2
  Eat: Chunk             |       |     1 |     3 |     2 ||     6
       Bread ration      |       |     1 |     1 |       ||     2
       Pizza             |       |       |     1 |       ||     1
       Beef jerky        |       |       |     1 |       ||     1
       Fruit             |       |       |       |     1 ||     1
Armor: Scale mail        |    30 |    28 |    45 |    13 ||   116
       Chain mail        |       |       |       |    35 ||    35
       Skin              |       |       |       |    13 ||    13
       Plate armour      |       |       |       |    12 ||    12
Dodge: Dodged            |    23 |    30 |    87 |    67 ||   207
Block: Shield            |    42 |    40 |   100 |   123 ||   305
